 Dungeon Crawl Stone Soup version 0.29.0-10-g45618ea6d2 (webtiles) character file.

Game seed: 6973063052987773008

154 smilodon the Ducker (level 5, -2/39 HPs)
             Began as a Demonspawn Gladiator on Sept 2, 2022.
             Was an Initiate of Okawaru.
             Slain by a gnoll
             ... wielding a +0 halberd
              (8 damage)
             ... on level 3 of the Dungeon.
             The game lasted 00:03:26 (2392 turns).

smilodon the Ducker (Demonspawn Gladiator)          Turns: 2392, Time: 00:03:26

Health: -2/39      AC: 10    Str: 17    XL:     5   Next: 13%
Magic:  5/5        EV: 12    Int:  9    God:    Okawaru [......]
Gold:   128        SH:  0    Dex: 14    Spells: 4/4 levels left

rFire   . . .      SeeInvis .   j - +1 mace (protect)
rCold   . . .      Faith    .   (no shield)
rNeg    + . .      Spirit   .   b - +0 leather armour
rPois   .          Reflect  .   (helmet restricted)
rElec   .          Harm     .   (no cloak)
rCorr   .          Rampage  .   (no gloves)
Will    .....                   (no boots)
Stlth   +.........              (no amulet)
HPRegen 0.13/turn               f - ring of positive energy
MPRegen 0.09/turn               (no ring)

@: under a protective aura
A: antennae 2
a: Renounce Religion


You were on level 3 of the Dungeon.
You worshipped Okawaru.
Okawaru was noncommittal.
You visited 1 branch of the dungeon, and saw 3 of its levels.

You collected 128 gold pieces.

Inventory:

Hand Weapons
 a - a +0 long sword
 j - a +1 mace of protection (weapon)
Missiles
 d - 3 throwing nets (quivered)
 e - a javelin
 k - 6 poisoned darts
Armour
 b - a +0 leather armour (worn)
 c - a +0 helmet
Jewellery
 f - a ring of positive energy (left hand)
Scrolls
 h - a scroll of identify
 l - a scroll of fear {unknown}
 m - a scroll of magic mapping {unknown}
 o - a scroll of blinking {unknown}
 q - a scroll of vulnerability {unknown}
Potions
 g - 3 potions of curing
 i - a potion of brilliance
 n - a potion of mutation {unknown}
 p - a potion of haste {unknown}


   Skills:
 + Level 2.4 Fighting
 - Level 3.2 Long Blades
 * Level 2.2 Maces & Flails
 + Level 1.7 Throwing
 + Level 1.5 Armour
 + Level 3.4 Dodging
 + Level 0.6 Stealth
 + Level 0.1 Unarmed Combat


You had 4 spell levels left.
You didn't know any spells.
Your spell library contained the following spells:

 Spells                   Type           Power      Damage    Failure   Level
 Gell's Gravitas          Tloc           0%         N/A       82%         3
 Lesser Beckoning         Tloc           0%         N/A       82%         3
 Teleport Other           Tloc           0%         N/A       82%         3


Dungeon Overview and Level Annotations

Branches:
Dungeon (3/15)

Altars:
Okawaru


Innate Abilities, Weirdness & Mutations

You have a pair of antennae on your head.


Message History

The gnoll closely misses you.
You stop sporulating.
Your +1 mace of protection unmelds from your body.
Your +0 leather armour unmelds from your body.
Your +1 mace of protection hums with potential!
The gnoll completely misses you.
The gnoll hits you from afar with a +0 spear.
The gnoll closely misses you.
You see here a frilled lizard corpse.
Found a stone staircase leading down.
The gnoll closely misses you. The gnoll completely misses you.
You hit the gnoll.
Your weapon exudes an aura of protection.
The gnoll is lightly wounded.
The gnoll hits you with a +0 halberd. The gnoll barely misses you. x2
The gnoll misses you.
You sock the gnoll!
The gnoll is severely wounded.
The gnoll hits you with a +0 halberd! The gnoll hits you but does no damage.
You barely miss the gnoll.
The gnoll is severely wounded.
The gnoll barely misses you. The gnoll hits you but does no damage.
You hit the gnoll.
You kill the gnoll!
Okawaru accepts your kill. The gnoll hits you with a +0 halberd.
You hit the gnoll.
The gnoll is lightly wounded.
The gnoll misses you. The gnoll closely misses you.
You hit the gnoll.
The gnoll is heavily wounded.
The gnoll hits you with a +0 halberd.
You hit the gnoll.
The gnoll is almost dead.
The gnoll hits you with a +0 halberd!
* * * LOW HITPOINT WARNING * * *
You barely miss the gnoll.
The gnoll is almost dead.
The gnoll closely misses you. The gnoll hits you with a +0 halberd!
You die...

.. ## .#. .. #. .. . #.
####.##..#############.
#...................##.
#....###.......##.##.
#....#)).....#.##.##.
#...)†.)...........+.
#..#@#.#..<....##.##.
#.....g.#.#.........†##.
.##...###.#............#
#... ..#.#......###.#
#<. ..#.#.###### #.#
.... ...#.#.# #.# ....
...#.#.# #.# ##>. [....
..+ #.#.. #.#


You could see a gnoll.

Vanquished Creatures
  Jessica (D:2)
  Ijyb (D:3)
  3 gnolls (D:3)
  2 adders
  2 worms
  5 bats
  7 endoplasms
  3 giant cockroaches
  3 goblins (D:1)
  3 hobgoblins
  4 jackals (D:3)
  A kobold (D:2)
  3 quokkas
  6 ball pythons
  A frilled lizard (D:3)
  4 rats
  A spectral hobgoblin (D:2)
50 creatures vanquished.

Notes
Turn   | Place    | Note
-------+----------+-------------------------------------------
     0 | D:1      | smilodon the Demonspawn Gladiator began the quest for the
                  | Orb.
     0 | D:1      | Reached XP level 1. HP: 16/16 MP: 1/1
   346 | D:1      | Gained mutation: You have a pair of small antennae on your
                  | head. [demonic ancestry]
   346 | D:1      | Reached XP level 2. HP: 22/22 MP: 2/2
  1066 | D:1      | Gained mutation: You have a pair of antennae on your head.
                  | [demonic ancestry]
  1066 | D:1      | Reached XP level 3. HP: 24/27 MP: 3/3
  1271 | D:2      | Found a faded altar of an unknown god.
  1479 | D:2      | Noticed Jessica
  1489 | D:2      | Killed Jessica
  1490 | D:2      | Reached skill level 1 in Armour
  1848 | D:2      | Reached XP level 4. HP: 25/33 MP: 4/4
  2047 | D:2      | Found an iron altar of Okawaru.
  2175 | D:2      | Became a worshipper of Warmaster Okawaru
  2231 | D:2      | Reached skill level 1 in Maces & Flails
  2359 | D:3      | Noticed Ijyb
  2366 | D:3      | Killed Ijyb
  2378 | D:3      | Reached XP level 5. HP: 39/39 MP: 5/5
  2392 | D:3      | Slain by a gnoll

Illustrated notes

Levels and vault maps discovered:
D:1:      sevenhm_arrival_forest_fort_small_6, layout_loops_ring,
          minmay_misc_feat_diagonals, minmay_misc_feat_room, chequers_big_river,
          grunt_decor_arrowhead
D:2:      layout_loops_ring, basic_altar,
          dreamdust_ecumenical_altar_drowned_temple, uniq_jessica
D:3:      layout_basic, minmay_surrounded, uniq_ijyb

Skill      XL: |  1  2  3  4 |
---------------+-------------+-----
Dodging        | 3 |  3.4
Long Blades    | 3 |  3.2
Armour         | 1 |  1.5
Maces & Flails | 2 |  2.2
Fighting       | |  2.4
Throwing       | |  1.7
Stealth        | |  0.6
Unarmed Combat | |  0.1

Action                   |  1- 3 |  4- 6 || total
-------------------------+-------+-------++-------
Melee: Long sword        |    74 |       ||    74
       Mace              |    24 |    30 ||    54
       Unarmed           |       |    16 ||    16
       Punch             |       |     1 ||     1
  Use: Potion            |     3 |       ||     3
       Scroll            |     1 |       ||     1
 Stab: Sleeping          |     3 |       ||     3
Armor: Leather armour    |    34 |    18 ||    52
       Skin              |       |     2 ||     2
Dodge: Dodged            |    73 |    52 ||   125
